 Dungeon Crawl Stone Soup version 0.27.1-3-gb3d3a73c9e (webtiles) character file.

Game seed: 14465350062662647625

38 horus123 the Ruffian (level 3, -6/29 HPs)
             Began as a Ghoul Gladiator on Oct 27, 2021.
             Was an Initiate of Ashenzari.
             Mangled by a worm (8 damage)
             ... on level 2 of the Dungeon.
             The game lasted 00:01:59 (1144 turns).

horus123 the Ruffian (Ghoul Gladiator)              Turns: 1144, Time: 00:01:59

Health: -6/29      AC:  4    Str: 18    XL:     3   Next: 43%
Magic:  2/2        EV: 12    Int:  3    God:    Ashenzari [......]
Gold:   28         SH:  0    Dex: 10    Spells: 2/2 levels left

rFire    . . .     SeeInvis .     - Unarmed
rCold    + . .     Faith    .   (no shield)
rNeg     + + +     Spirit   .   a - +0 leather armour
rPois    ∞         Reflect  .   b - +0 helmet of Apeoromancy {Evo, Alch} (curse)
rElec    .         Harm     .   (no cloak)
rCorr    .         Rampage  .   (no gloves)
Will     .....                  (no boots)
Stlth    +.........             (no amulet)
HPRegen  0.00/turn              (no ring)
MPRegen  0.08/turn              (no ring)

@: inhibited regen
A: claws 1, cold resistance 1, negative energy resistance 3, inhibited
regeneration, torment resistance 2
a: Renounce Religion, Shatter the Chains


You were on level 2 of the Dungeon.
You worshipped Ashenzari.
Ashenzari was noncommittal.
You visited 1 branch of the dungeon, and saw 2 of its levels.

You collected 28 gold pieces.

Inventory:

Missiles
 c - 3 throwing nets (quivered)
Armour
 a - a +0 leather armour (worn)
 b - the cursed +0 helmet of Apeoromancy (worn) {Evo, Alch}

   It has a curse which improves the following skills: Evocations: Evocations.
   Alchemy:   Poison Magic and Transmutations.
Scrolls
 g - a scroll of teleportation
 h - a scroll of identify
 i - a scroll of fear
Potions
 d - a potion of brilliance
 e - a potion of curing
 f - a potion of attraction


   Skills:
 + Level 2.2 Fighting
 + Level 1.8 Throwing
 + Level 0.7 Armour
 + Level 3.0 Dodging
 + Level 4.2 Unarmed Combat


You had 2 spell levels left.
You didn't know any spells.
Your spell library was empty.

Dungeon Overview and Level Annotations

Branches:
Dungeon (2/15)

Altars:
Ashenzari


Innate Abilities, Weirdness & Mutations

You thrive by killing the living.
You are immune to poison.
You have sharp fingernails.
Your flesh is cold resistant. (rC+)
You are immune to negative energy. (rN+++)
You do not regenerate when monsters are visible.
You are immune to unholy pain and torment.


Message History

You are too injured to fight recklessly!
You are too injured to fight recklessly!
You are too injured to fight recklessly!
You are too injured to fight recklessly!
You are too injured to fight recklessly!
You are too injured to fight recklessly!
You are too injured to fight recklessly!
You are too injured to fight recklessly!
You are too injured to fight recklessly!
You are too injured to fight recklessly!
You are too injured to fight recklessly!
You are too injured to fight recklessly!
You are too injured to fight recklessly!
You are too injured to fight recklessly!
You are too injured to fight recklessly!
You are too injured to fight recklessly!
You are too injured to fight recklessly!
You are too injured to fight recklessly!
You are too injured to fight recklessly!
You are too injured to fight recklessly!
You are too injured to fight recklessly!
You are too injured to fight recklessly!
You are too injured to fight recklessly!
You are too injured to fight recklessly!
You are too injured to fight recklessly!
You are too injured to fight recklessly!
You are too injured to fight recklessly!
You are too injured to fight recklessly!
You are too injured to fight recklessly!
You are too injured to fight recklessly!
You are too injured to fight recklessly!
You are too injured to fight recklessly!
You are too injured to fight recklessly!
The worm bites you!
* * * LOW HITPOINT WARNING * * *
You see here a ball python corpse.
You claw the worm!
The worm is heavily wounded.
The worm bites you!
You die...

##...####
##..##
####...#
#....^.#
#.##...####
#.........#
#..######.#
#.. #.# #.
#@# ..
#...w.......
#.##.###....
.. ..# #.
..# ### .


You could see a worm.

Vanquished Creatures
  An adder (D:2)
  A dart slug (D:1)
  2 endoplasms (D:1)
  A giant cockroach (D:1)
  3 goblins (D:1)
  3 hobgoblins (D:1)
  3 jackals (D:1)
  A quokka (D:1)
  4 ball pythons
  3 frilled lizards (D:1)
  A kobold (D:1)
  5 rats (D:1)
28 creatures vanquished.

Notes
Turn   | Place    | Note
-------+----------+-------------------------------------------
     0 | D:1      | horus123 the Ghoul Gladiator began the quest for the Orb.
     0 | D:1      | Reached XP level 1. HP: 17/17 MP: 0/0
    45 | D:1      | Reached XP level 2. HP: 14/24 MP: 1/1
   513 | D:1      | Found a faded altar of an unknown god.
   570 | D:1      | Became a worshipper of Ashenzari the Shackled
   663 | D:1      | Reached skill level 4 in Unarmed Combat
   746 | D:1      | Reached XP level 3. HP: 29/29 MP: 2/2
  1144 | D:2      | Mangled by a worm

Illustrated notes

Levels and vault maps discovered:
D:1:      saegor_arrival_under_anarchy, layout_basic,
          shapermc_ecumenical_altar_mp_highgroup, serial_forest,
          infiniplex_forest_clump_curved, infiniplex_forest_straight_2,
          infiniplex_forest_clump_curved, infiniplex_forest_zigzag_1,
          infiniplex_forest_clump_medium, infiniplex_forest_clump_diagonal
D:2:      cheibrodos_greedy_goblins, layout_loops_corners, serial_shops, shop,
          chequers_serial_rivers_micro_a

Skill      XL: |  1  2  3 |
---------------+----------+-----
Unarmed Combat | 4 |  4.2
Dodging        | 3 |  3.0
Fighting       | |  2.2
Throwing       | |  1.8
Armour         | |  0.7

Action                   || total
-------------------------++-------
Melee: Unarmed           ||    70
       Punch             ||     1
Invok: Curse Item        ||     1
Armor: Leather armour    ||    18
Dodge: Dodged            ||    36
